 Dungeon Crawl Stone Soup version 0.24.0-13-gcf9b319 (webtiles) character file.

Game seed: 16122611292649305873, levelgen mode: deterministic

69 Calico the Caller (level 4, -2/30 HPs)
             Began as a Vampire Summoner on Feb 5, 2020.
             Was a Follower of Fedhas.
             Slain by Crazy Yiuf
             ... wielding a +2 quarterstaff of chaos
              (5 damage)
             ... while paralysed by Crazy Yiuf
             ... on level 3 of the Dungeon.
             The game lasted 00:21:33 (1831 turns).

Calico the Caller (Vampire Summoner)                Turns: 1831, Time: 00:21:33

Health: -2/30      AC:  2    Str:  7    XL:     4   Next: 2%
Magic:  5/8        EV:  2    Int: 18    God:    Fedhas [*.....]
Gold:   163        SH:  0    Dex: 14    Spells: 2/8 levels left

rFire    . . .     SeeInvis +   w - +0 short sword
rCold    + . .     Gourm    .   (no shield)
rNeg     . . .     Faith    .   a - +0 robe
rPois    .         Spirit   .   (no helmet)
rElec    .         Reflect  .   (no cloak)
rCorr    .         Harm     .   (no gloves)
MR       .....                  (no boots)
Stlth    ++........             (no amulet)
HPRegen  0.30/turn              j - ring of protection from cold
MPRegen  0.11/turn              (no ring)

@: paralysed, regenerating quickly
A: no food, fangs 3, see invisible, unbreathing
a: Exsanguinate, Renounce Religion


You were on level 3 of the Dungeon.
You worshipped Fedhas.
Fedhas was aware of your devotion.
You were alive.

You visited 1 branch of the dungeon, and saw 3 of its levels.

You collected 163 gold pieces.

Inventory:

Hand Weapons
 w - a +0 short sword (weapon)
Armour
 a - a +0 robe (worn)
Jewellery
 j - a ring of protection from cold (left hand)
Scrolls
 b - a scroll of enchant weapon {unknown}
 d - a scroll of fear
 f - a scroll of teleportation
 g - 2 scrolls of remove curse
 h - a scroll of identify
 i - a scroll of enchant armour {unknown}
Potions
 c - a potion of agility {unknown}
 e - 2 potions of curing
 l - a potion of flight {unknown}
Comestibles
 k - 3 rations


   Skills:
 - Level 2.1 Dodging
 - Level 3.0 Stealth
 + Level 2.6 Spellcasting
 * Level 5.2 Summonings


You had 2 spell levels left.
You knew the following spells:

 Your Spells              Type           Power        Failure   Level  Hunger
c - Call Canine Familiar  Summ           ###.....     6%          3    N/A
x - Call Imp              Summ           ###.....     3%          2    N/A
z - Summon Small Mammal   Summ           ###.         1%          1    N/A

Your spell library contained the following spells:

 Spells                   Type           Power        Failure   Level  Hunger
 Summon Guardian Golem    Hex/Summ       ##......     17%         3    N/A
 Summon Ice Beast         Ice/Summ       ##......     50%         4    N/A
 Summon Lightning Spire   Summ/Air       ##......     50%         4    N/A

Dungeon Overview and Level Annotations

Branches:
Dungeon (3/15)

Altars:
Fedhas
Wu Jian

Annotations:
D:3 Crazy Yiuf


Innate Abilities, Weirdness & Mutations

You do not eat.
Your natural rate of healing is unusually fast.
You have razor-sharp teeth.
You have supernaturally acute eyesight. (SInv)
You can survive without breathing.


Message History

Casting: Call Imp (safe; 3% risk of failure)
Confirm with . or Enter, or press ? or * to list all spells.
A beastly little devil appears in a puff of flame.
Your hound bites Crazy Yiuf but does no damage.
Your hound bites Crazy Yiuf.
Your hound bites Crazy Yiuf.
Your crimson imp closely misses Crazy Yiuf.
Your crimson imp blinks!
Your hound bites Crazy Yiuf.
You closely miss Crazy Yiuf.
Crazy Yiuf is moderately wounded.
Your crimson imp blinks!
Crazy Yiuf hits you with a +2 quarterstaff of chaos!
You suddenly lose the ability to move!
Your hound bites Crazy Yiuf.
Your hound barely misses Crazy Yiuf.
Crazy Yiuf hits you with a +2 quarterstaff of chaos!
* * * LOW HITPOINT WARNING * * *
You convulse.
You die...
Fedhas appreciates your contribution to the ecosystem.

##### ♣♣#### #)..#♣♣
♣♣....##
#..§5h♣♣♣♣......########
#...#♣g@♣...............
#####♣♣♣5♣....##########
♣♣♣♣♣###


You could see Crazy Yiuf, a friendly hound and 2 friendly crimson imps.

Vanquished Creatures
  A giant cockroach (D:1)
  2 goblins
  5 hobgoblins
  2 jackals
  A quokka (D:3)
  A ball python (D:2)
  4 bats
  A frilled lizard (D:1)
  2 kobolds (D:1)
  5 rats
24 creatures vanquished.

Vanquished Creatures (collateral kills)
  A hound (D:3)
  An adder (D:2)
  An ooze (D:3)
  A dart slug (D:2)
  2 giant cockroaches (D:1)
  4 goblins
  4 hobgoblins
  A jackal (D:2)
  A quokka (D:2)
  4 bats (D:1)
  A frilled lizard (D:1)
  6 kobolds
  4 rats
31 creatures vanquished.

Grand Total: 55 creatures vanquished

Notes
Turn   | Place    | Note
-------+----------+-------------------------------------------
     0 | D:1      | Calico the Vampire Summoner began the quest for the Orb.
     0 | D:1      | Reached XP level 1. HP: 13/13 MP: 3/3
   238 | D:1      | Reached XP level 2. HP: 16/19 MP: 0/5
   307 | D:1      | Learned a level 2 spell: Call Imp
   976 | D:2      | Found an ornate altar of the Wu Jian Council.
  1077 | D:2      | Reached XP level 3. HP: 24/24 MP: 6/6
  1082 | D:2      | Learned a level 3 spell: Call Canine Familiar
  1211 | D:2      | Found a faded altar of an unknown god.
  1217 | D:2      | Became a worshipper of Fedhas Madash
  1217 | D:2      | Reached * piety under Fedhas
  1342 | D:2      | Reached skill level 5 in Summonings
  1754 | D:3      | Reached XP level 4. HP: 30/30 MP: 2/8
  1814 | D:3      | Found a runed translucent door.
  1815 | D:3      | Noticed Crazy Yiuf
  1830 | D:3      | Paralysed by Crazy Yiuf for 6 turns
  1831 | D:3      | Slain by Crazy Yiuf

Levels and vault maps discovered:
D:1:      minmay_arrival_solitary_statue, layout_rooms
D:2:      minmay_evil_eye, layout_basic, overflow_temple_1_default,
          chequers_ecumenical_altar_simple, kennysheep_big_empty_room
D:3:      layout_basic, minitemple, elyvilon_altar_3, uniq_crazy_yiuf_cottage

Skill      XL: |  1  2  3 |
---------------+----------+-----
Summonings     | 5 |  5.2
Dodging        | |  2.1
Stealth        | |  3.0
Spellcasting   | |  2.6

Action                   |  1- 3 |  4- 6 || total
-------------------------+-------+-------++-------
Melee: Unarmed           |    24 |       ||    24
       Bite              |     6 |     1 ||     7
       Short sword       |    51 |     2 ||    53
 Cast: Summon Small Mamm |    33 |       ||    33
       Call Imp          |    13 |     2 ||    15
       Call Canine Famil |     4 |       ||     4
  Use: Scroll            |     4 |       ||     4
 Stab: Sleeping          |     9 |     1 ||    10
Armor: Robe              |    20 |       ||    20
Dodge: Dodged            |    63 |     1 ||    64
